 Dungeon Crawl Stone Soup version 0.29-a0-9-g022ca4c890 (webtiles) character file.

Game seed: 12450697436888608466

910 Grim the Carver (level 8, -2/58 HPs)
             Began as a Formicid Fighter on Jan 28, 2022.
             Was an Initiate of Fedhas.
             Slain by an ogre (22 damage)
             ... on level 5 of the Dungeon.
             The game lasted 00:06:27 (4157 turns).

Grim the Carver (Formicid Fighter)                  Turns: 4157, Time: 00:06:28

Health: -2/58      AC: 16    Str: 22    XL:     8   Next: 30%
Magic:  8/8        EV:  6    Int:  9    God:    Fedhas [......]
Gold:   219        SH:  4    Dex: 10    Spells: 7/7 levels left

rFire   . . .      SeeInvis +   a - +0 long sword
rCold   . . .      Faith    .   c - +0 buckler
rNeg    . . .      Spirit   .   r - +0 plate armour
rPois   .          Reflect  .   (helmet unavailable)
rElec   .          Harm     .   (no cloak)
rCorr   .          Rampage  .   t - +0 pair of gloves
Will    +....                   (no boots)
Stlth   ..........              (no amulet)
HPRegen 0.19/turn               o - +4 ring of protection
MPRegen 0.11/turn               u - ring of willpower

@: no status effects
A: permanent stasis, dig shafts and tunnels, antennae 3, four strong arms
a: Dig, Shaft Self, Renounce Religion


You were on level 5 of the Dungeon.
You worshipped Fedhas.
Fedhas was noncommittal.
You visited 1 branch of the dungeon, and saw 5 of its levels.

You collected 219 gold pieces.

Inventory:

Hand Weapons
 a - a +0 long sword (weapon)
Missiles
 g - 130 stones (quivered)
 w - a boomerang
 x - 6 datura-tipped darts
Armour
 c - a +0 buckler (worn)
 r - a +0 plate armour (worn)
 t - a +0 pair of gloves (worn)
Jewellery
 o - a +4 ring of protection (left hand)
 u - a ring of willpower (right hand)
Wands
 d - a wand of flame (21)
 k - a wand of polymorph (17)
 n - a wand of acid (16)
Scrolls
 b - a scroll of fear {unknown}
 e - a scroll of noise {unknown}
 f - a scroll of enchant armour {unknown}
 h - a scroll of fog {unknown}
 j - a scroll of vulnerability {unknown}
 l - 3 scrolls of identify {unknown}
 p - 2 scrolls of teleportation
Potions
 i - a potion of resistance {unknown}
 m - a potion of heal wounds {unknown}
 q - a potion of flight {unknown}
 s - a potion of haste {unknown}
 v - a potion of lignification {unknown}


   Skills:
 - Level 3.2 Fighting
 + Level 9.2 Long Blades
 - Level 3.2 Armour
 - Level 3.6 Shields


You had 7 spell levels left.
You didn't know any spells.
Your spell library contained the following spells:

 Spells                   Type           Power      Damage    Failure   Level
 Ozocubu's Armour         Ice            0%         N/A       100%        3
 Tukima's Dance           Hex            0%         N/A       100%        3
 Passage of Golubria      Tloc           0%         N/A       100%        4
 Metabolic Englaciation   Hex/Ice        0%         N/A       100%        5
 Yara's Violent Unravell  Hex/Tmut       0%         3d3       100%        5
 Simulacrum               Ice/Necr       0%         N/A       100%        6


Dungeon Overview and Level Annotations

Branches:
Dungeon (5/15)
 Temple: D:4-7

Altars:
Dithmenos
Fedhas
Nemelex Xobeh
Vehumet


Innate Abilities, Weirdness & Mutations

You cannot be hasted, slowed, berserked, paralysed or teleported.
You can dig through walls and to a lower floor.
You have a pair of large antennae on your head. (SInv)
Your four strong arms can wield two-handed weapons with a shield.


Message History

The sky beast hits you but does no damage.
You hit the sky beast.
You kill the sky beast!
Fedhas appreciates your contribution to the ecosystem.
Your Long Blades skill increases to level 9!
You start resting.
HP restored.
u - a ring of willpower (right hand)
There is a stone staircase leading down here.
You see here a sky beast corpse.
You climb downwards.
There is a stone staircase leading up here.
k - a wand of polymorph (17) (gained 8 charges)
Found a sparkling altar of Nemelex Xobeh.
Found a radiant altar of Vehumet.
Found a shadowy altar of Dithmenos.
Found a stone staircase leading down.
An ogre comes into view. It is wielding a +0 giant club.
The ogre shouts!
Throw: 131 stones
Press: ? - help, Q - select action, (/) - cycle Shift-Dir - straight line, f - ogre
Aim: an ogre, wielding a +0 giant club (72% to hit)
You throw a stone. The stone hits the ogre.
The ogre is lightly wounded.
You slash the ogre!
The ogre is moderately wounded.
The ogre barely misses you.
You hit the ogre.
The ogre is heavily wounded.
The ogre hits you with a +0 giant club!
You barely miss the ogre.
The ogre is heavily wounded.
You closely miss the ogre.
The ogre is heavily wounded.
The ogre hits you with a +0 giant club!!
* * * LOW HITPOINT WARNING * * *
You slash the ogre!
The ogre is severely wounded.
The ogre hits you with a +0 giant club!!
You die...
Fedhas appreciates your contribution to the ecosystem.

........>......#....
.......(.......#........
#.............#.........
##.....#.....>..........
###########..##........
#..###.>.....
#####..##........
#......##........
#.####...@O(.....
#............
#.###........ #.
#........ #. ##.......
.. .._8_.. .. ..._..#
#.. #.....#


You could see an ogre.

Vanquished Creatures
  Grinder (D:3)
  A water moccasin (D:3)
  A sky beast (D:4)
  A necrophage (D:4)
  2 scorpions (D:4)
  A jelly (D:4)
  A gnoll shaman (D:4)
  2 orc priests
  2 orc wizards
  6 gnolls
  An adder (D:2)
  3 dart slugs
  4 orcs (D:4)
  6 endoplasms
  2 giant cockroaches
  3 goblins
  6 hobgoblins
  3 jackals (D:3)
  8 kobolds
  A quokka (D:3)
  8 ball pythons
  12 bats
  5 frilled lizards
  7 rats
87 creatures vanquished.

Notes
Turn   | Place    | Note
-------+----------+-------------------------------------------
     0 | D:1      | Grim the Formicid Fighter began the quest for the Orb.
     0 | D:1      | Reached XP level 1. HP: 18/18 MP: 1/1
   173 | D:1      | Reached XP level 2. HP: 19/24 MP: 2/2
   256 | D:1      | Reached skill level 3 in Long Blades
   330 | D:1      | Reached XP level 3. HP: 29/29 MP: 3/3
   598 | D:1      | Found a faded altar of an unknown god.
  1230 | D:2      | Reached skill level 4 in Long Blades
  1230 | D:2      | Reached XP level 4. HP: 35/35 MP: 4/4
  1681 | D:3      | Noticed Grinder
  2179 | D:4      | Noticed a necrophage
  2192 | D:4      | Killed a necrophage
  2193 | D:4      | Reached skill level 5 in Long Blades
  2193 | D:4      | Reached XP level 5. HP: 28/41 MP: 5/5
  2357 | D:4      | Reached XP level 6. HP: 43/47 MP: 6/6
  2419 | D:3      | Reached skill level 6 in Long Blades
  2827 | D:4      | Found a blossoming altar of Fedhas.
  2969 | D:4      | Noticed a water moccasin
  2997 | D:3      | Killed a water moccasin
  2998 | D:3      | Reached skill level 7 in Long Blades
  2998 | D:3      | Reached XP level 7. HP: 8/52 MP: 7/7
  3403 | D:3      | Killed Grinder
  3404 | D:3      | Reached skill level 8 in Long Blades
  3705 | D:4      | Became a worshipper of Fedhas Madash
  3824 | D:4      | Reached XP level 8. HP: 58/58 MP: 8/8
  4038 | D:5      | Entered Level 5 of the Dungeon
  4090 | D:4      | Reached skill level 9 in Long Blades
  4140 | D:5      | Found a sparkling altar of Nemelex Xobeh.
  4142 | D:5      | Found a radiant altar of Vehumet.
  4145 | D:5      | Found a shadowy altar of Dithmenos.
  4157 | D:5      | Slain by an ogre

Illustrated notes

Levels and vault maps discovered:
D:1:      sevenhm_arrival_forest_fort_large_2, layout_basic,
          shapermc_ecumenical_altar_notcrosses
D:2:      layout_rooms
D:3:      cheibrodos_helix_gallery, layout_rooms, uniq_grinder
D:4:      layout_gridville, amcnicky_altar_gilded
D:5:      layout_rooms, chequers_temple_overflow_statue_of_worship,
          jmf_multi_god_temple, minmay_temple_entry_waves, serial_shops,
          kennysheep_mini_moat, uniq_crazy_yiuf_cottage

Skill      XL: |  1  2  3  4  5  6  7  8 |
---------------+-------------------------+-----
Long Blades    | 3 4 5 7 8 9 |  9.2
Fighting       | |  3.2
Armour         | |  3.2
Shields        | |  3.6

Action                   |  1- 3 |  4- 6 |  7- 9 || total
-------------------------+-------+-------+-------++-------
Melee: Long sword        |    87 |   129 |    63 ||   279
Throw: Stone             |       |       |     1 ||     1
Evoke: Wand              |       |     2 |       ||     2
  Use: Scroll            |       |     1 |       ||     1
       Potion            |       |     1 |     1 ||     2
Armor: Scale mail        |     6 |       |       ||     6
       Chain mail        |    54 |    11 |       ||    65
       Plate armour      |       |    76 |    42 ||   118
Dodge: Dodged            |    33 |    37 |     8 ||    78
Block: Buckler           |    26 |    30 |    10 ||    66

Table legend: (Time is in decaauts)
 A = Elapsed time spent in this place.
 B = Non-inter-level travel time spent in this place.
 C = Inter-level travel time spent in this place.
 D = Time resting spent in this place.
 E = Time spent auto-exploring this place.
 F = Levels seen in this place.
 G = Mean time per level.
                   A        B        C        D        E       F      G
               +--------+--------+--------+--------+--------+-----+--------+
         Total |   4209 |   4080 |    129 |    957 |   2283 |   5 |  841.8 |
       Dungeon |   4209 |   4080 |    129 |    957 |   2283 |   5 |  841.8 |
               +--------+--------+--------+--------+--------+-----+--------+

Top non-repeatable levels by time:
     D:3: 1572 daAuts
     D:4: 1107 daAuts
     D:1: 1003 daAuts
     D:2: 486 daAuts
     D:5: 39 daAuts
